 Dungeon Crawl Stone Soup version 0.31.0-10-gcf4a605ca0 (webtiles) character file.

Game seed: 4732318385135178089

174 Skitler the Chopper (level 5, -2/45 HPs)
             Began as a Demigod Fighter on Jan 26, 2024.
             Slain by an iguana (7 damage)
             ... on level 4 of the Dungeon.
             The game lasted 00:05:16 (1942 turns).

Skitler the Chopper (Demigod Fighter)               Turns: 1942, Time: 00:05:17

Health: -2/45      AC:  6    Str: 21    XL:     5   Next: 7%
Magic:  7/7        EV:  9    Int: 16    God:
Gold:   191        SH:  5    Dex: 13    Spells: 4/4 levels left

rFire   . . .        a - +0 war axe
rCold   . . .        c - +0 buckler
rNeg    . . .        b - +0 scale mail
rPois   .            (no helmet)
rElec   .            (no cloak)
rCorr   .            (no gloves)
SInv    .            (no boots)
Will    .....        r - amulet of the acrobat Stlth
                     s - +6 ring of intelligence
HPRegen 0.27/turn    (no ring)
MPRegen 0.10/turn

%: acrobat
@: mighty
A: high MP 1, forlorn, divine attributes
a: no special abilities


You were on level 4 of the Dungeon.
You visited 1 branch of the dungeon, and saw 4 of its levels.

You collected 191 gold pieces.

Inventory:

Hand Weapons
 a - a +0 war axe (weapon)
Armour
 b - a +0 scale mail (worn)
 c - a +0 buckler (worn)
Jewellery
 g - a ring of fire
 r - an amulet of the acrobat (around neck)
 s - a +6 ring of intelligence (left hand)
Scrolls
 j - a scroll of vulnerability {unknown}
 l - a scroll of poison {unknown}
 m - a scroll of identify {unknown}
 n - 2 scrolls of noise {unknown}
 o - a scroll of teleportation {unknown}
Potions
 e - a potion of degeneration {unknown}
 f - 2 potions of curing {unknown}
 h - 2 potions of lignification {unknown}
 i - 2 potions of enlightenment {unknown}
 k - a potion of haste {unknown}
 p - a potion of magic {unknown}
 q - a potion of mutation {unknown}


   Skills:
 + Level 3.2 Fighting
 * Level 0.1 Long Blades
 + Level 3.9 Axes
 - Level 2.9 Armour
 * Level 3.4 Shields


You had 4 spell levels left.
You didn't know any spells.
Your spell library was empty.

Dungeon Overview and Level Annotations

Branches:
Dungeon (4/15)
 Temple: D:4-7

Shops:
D:4 (


Innate Abilities, Weirdness & Mutations

You have an increased reservoir of magic. (+10% MP)
You shall have no god before yourself.
Your divine heritage dramatically boosts your attributes as you level up.


Message History

The iguana barely misses you. You block the iguana's attack.
You barely miss the iguana.
The iguana is lightly wounded.
The iguana bites you.
You hit the iguana but do no damage.
The iguana is lightly wounded.
The iguana bites you but does no damage.
You hit the iguana.
The iguana is lightly wounded.
The iguana bites you!
The iguana bites you but does no damage.
You are too injured to fight recklessly!
You are too injured to fight recklessly!
You are too injured to fight recklessly!
You are too injured to fight recklessly!
You are too injured to fight recklessly!
You are too injured to fight recklessly!
You are too injured to fight recklessly!
An iguana is nearby!
You barely miss the iguana.
The iguana is lightly wounded.
The iguana bites you.
* * * LOW HITPOINT WARNING * * *
You feel very mighty all of a sudden. The iguana barely misses you.
You slash the iguana!
The iguana is severely wounded.
You block the iguana's attack.
You completely miss the iguana.
The iguana is severely wounded.
The iguana hisses menacingly.
You block the iguana's attack. x2
You closely miss the iguana.
The iguana is severely wounded.
The iguana bites you!
* * * LOW HITPOINT WARNING * * *
You barely miss the iguana.
The iguana is severely wounded.
The iguana bites you!
You die...

.........###'###.#
.###.#...'''∩'''.#
. ##..#...###'###.#
..#........⌠#+#⌠..#
............#+#...#
.#..............##
#.....####..####
.###.....# ####
.......@.#
##..#..l†#
#.........
#...........
......#.#.....#
###....<.....##
#[..#.#...##
..........#


You could see an iguana.

Vanquished Creatures
  A bombardier beetle (D:4)
  An orc priest (D:3)
  Robin (D:2)
  An adder (D:3)
  A gnoll (D:1)
  2 ribbon worms
  3 dart slugs
  11 orcs
  2 ball pythons
  2 endoplasms (D:1)
  2 giant cockroaches
  11 goblins
  7 hobgoblins
  3 jackals (D:1)
  2 quokkas
  2 bats (D:3)
  A frilled lizard (D:1)
  2 kobolds
  2 rats (D:3)
57 creatures vanquished.

Notes
Turn   | Place    | Note
-------+----------+-------------------------------------------
     0 | D:1      | Skitler the Demigod Fighter began the quest for the Orb.
     0 | D:1      | Reached XP level 1. HP: 18/18 MP: 3/3
   129 | D:1      | Reached XP level 2. HP: 25/25 MP: 4/4
   679 | D:2      | Reached XP level 3. HP: 22/31 MP: 5/5
   807 | D:2      | Noticed Robin
   822 | D:2      | Killed Robin
  1220 | D:3      | Reached XP level 4. HP: 23/38 MP: 6/6
  1880 | D:4      | Reached XP level 5. HP: 44/45 MP: 7/7
  1891 | D:4      | Found Esmotysu's Weapon Shop.
  1942 | D:4      | Slain by an iguana

Illustrated notes

Levels and vault maps discovered:
D:1:      amcnicky_arrival_underground_garden, layout_loops_ring
D:2:      layout_rooms, uniq_robin
D:3:      layout_rooms, minmay_cut_off
D:4:      minmay_clustersquares, layout_cave_pools,
          nicolae_ru_great_annihilating_truth, serial_shops,
          nicolae_shop_real_fake_doors, st_stairs_14

Skill      XL: |  1  2  3 |
---------------+----------+-----
Shields        | 3 |  3.4
Axes           | 2 3 |  3.9
Fighting       | 3 |  3.2
Long Blades    | |  0.1
Armour         | |  2.9

Action                     |  1- 3 |  4- 6 || total
---------------------------+-------+-------++-------
  Melee: War axe           |    87 |    71 ||   158
    Use: Potion            |     1 |     2 ||     3
 Armour: Scale mail        |    64 |    54 ||   118
  Dodge: Dodged            |    45 |    35 ||    80
  Block: Buckler           |    22 |    17 ||    39
